 Dungeon Crawl Stone Soup version 0.31.0-7-gf635a9b802 (webtiles) character file.

Game seed: 3077388874377351827

43 zenocrate the Sneak (level 3, -2/16 HPs)
             Began as a Vine Stalker Enchanter on Jan 23, 2024.
             Slain by an adder (3 damage)
             ... on level 2 of the Dungeon.
             The game lasted 00:01:13 (1241 turns).

zenocrate the Sneak (Vine Stalker Enchanter)        Turns: 1241, Time: 00:01:13

Health: -2/16      AC:  2    Str: 10    XL:     3   Next: 58%
Magic:  0/7        EV: 12    Int: 15    God:
Gold:   52         SH:  0    Dex: 16    Spells: 1/6 levels left

rFire   + . .        a - +1 dagger
rCold   + . .        (no shield)
rNeg    . . .        b - +0 robe
rPois   +            (no helmet)
rElec   +            (no cloak)
rCorr   +            (no gloves)
SInv    .            (no boots)
Will    .....        (no amulet)
Stlth   +++          (no ring)
HPRegen 1.02/turn    (no ring)
MPRegen 0.10/turn

%: guardian spirit
@: lethally poisoned (-2 -> -3), resistant
A: fangs 2, regeneration 1, magic shield, antimagic bite, no potion heal 2
a: no special abilities


You were on level 2 of the Dungeon.
You visited 1 branch of the dungeon, and saw 2 of its levels.

You collected 52 gold pieces.

Inventory:

Hand Weapons
 a - a +1 dagger (weapon)
Armour
 b - a +0 robe (worn)
Scrolls
 d - a scroll of identify
 e - a scroll of enchant armour
Potions
 c - 2 potions of invisibility


   Skills:
 * Level 1.6 Short Blades
 + Level 2.0 Dodging
 + Level 4.2 Stealth
 - Level 2.1 Spellcasting
 + Level 3.3 Hexes
 + Level 0.3 Ice Magic


You had one spell level left.
You knew the following spells:

 Your Spells              Type           Power      Damage    Failure   Level
a - Ensorcelled Hibernat  Hex/Ice        14%        N/A       16%         2
b - Confusing Touch       Hex            11%        N/A       17%         3

Your spell library contained the following spells:

 Spells                   Type           Power      Damage    Failure   Level
 Sigil of Binding         Hex            11%        N/A       17%         3
 Tukima's Dance           Hex            11%        N/A       17%         3
 Dazzling Flash           Conj/Hex       12%        N/A       32%         3
 Ozocubu's Armour         Ice            2%         N/A       50%         3
 Call Canine Familiar     Summ           1%         N/A       54%         3
 Fugue of the Fallen      Necr           1%         N/A       54%         3
 Volatile Blastmotes      Fire/Tloc      2%         2d10      54%         3
 Dimensional Bullseye     Hex/Tloc       3%         N/A       73%         4
 Manifold Assault         Tloc           1%         N/A       91%         4
 Starburst                Conj/Fire      0%         6d3       100%        6
 Maxwell's Capacitive Co  Air            0%         ∞         100%        8


Dungeon Overview and Level Annotations

Branches:
Dungeon (2/15)

Altars:


Innate Abilities, Weirdness & Mutations

You have extremely sharp teeth.
Your natural rate of healing is unusually fast.
When hurt, damage is shared between your health and your magic reserves.
Your bite disrupts and absorbs the magic of your enemies.
Potions cannot restore your health.


Message History

Confirm with . or Enter, or press ? or * to list all spells.
Aiming: Ensorcelled Hibernation (safe; 16% risk of failure)
Press: ? - help, Shift-Dir - straight line, f/p - ribbon worm
Aim: a ribbon worm (moderately wounded, chance to affect: 50%)
The adder resists with some effort.
The adder misses you.
Unknown command.
You hit the adder. Your bite misses the adder.
The adder is lightly wounded.
The adder barely misses you.
You barely miss the adder.
The adder is lightly wounded.
The adder bites you.
You are poisoned.
The adder poisons you!
Casting: Ensorcelled Hibernation (safe; 16% risk of failure)
Confirm with . or Enter, or press ? or * to list all spells.
You don't have enough magic to cast this spell.
Unknown command.
You miss the adder.
The adder is lightly wounded.
You feel sick. The adder misses you.
You are too injured to fight recklessly!
You closely miss the adder.
The adder is lightly wounded.
You feel sick. The adder barely misses you. The adder closely misses you.
You closely miss the adder.
The adder is lightly wounded.
You feel sick. The adder bites you.
* * * LOW HITPOINT WARNING * * *
You are lethally poisoned!
The adder poisons you!
You hit the adder but do no damage. Your bite misses the adder.
The adder is lightly wounded.
* * * LOW HITPOINT WARNING * * *
You feel sick. The adder barely misses you.
Unknown command.
You feel protected.
* * * LOW HITPOINT WARNING * * *
You feel sick. The adder bites you.
You die...

#.# ##.### #.#
##.#######..... #.#
#...#†........##
#.#
#.....#####....##..
#.# #...#.#
#........ ..#
#####.# #........
#.# #.##.#
#.#####....##.
#....@Sw...!..#
###############


You could see a ribbon worm and an adder.

Vanquished Creatures
  An adder (D:2)
  A dart slug (D:1)
  3 ball pythons
  3 endoplasms
  2 hobgoblins
  2 jackals (D:1)
  5 kobolds
  3 quokkas
  4 bats
  2 frilled lizards
  4 rats
30 creatures vanquished.

Notes
Turn   | Place    | Note
-------+----------+-------------------------------------------
     0 | D:1      | zenocrate the Vine Stalker Enchanter began the quest for
                  | the Orb.
     0 | D:1      | Reached XP level 1. HP: 9/9 MP: 4/4
   120 | D:1      | Reached skill level 1 in Short Blades
   255 | D:1      | Reached XP level 2. HP: 5/13 MP: 4/6
   557 | D:1      | Reached skill level 4 in Stealth
   763 | D:1      | Learned a level 2 spell: Ensorcelled Hibernation
   809 | D:2      | Reached XP level 3. HP: 16/16 MP: 1/7
   871 | D:2      | Learned a level 3 spell: Confusing Touch
  1241 | D:2      | Slain by an adder

Illustrated notes

Levels and vault maps discovered:
D:1:      denvon_arrival_waterhouse, layout_loops_ring
D:2:      layout_loops_corners, guppyfry_early_lair_pool

Skill      XL: |  1  2  3 |
---------------+----------+-----
Short Blades   | 1 |  1.6
Stealth        | 4 |  4.2
Dodging        | 2 |  2.0
Spellcasting   | |  2.1
Hexes          | |  3.3
Ice Magic      | |  0.3

Action                     || total
---------------------------++-------
  Melee: Dagger            ||    83
         Bite              ||    18
         Punch             ||     1
   Cast: Ensorcelled Hiber ||     7
    Use: Scroll            ||     2
         Potion            ||     1
   Stab: Sleeping          ||    10
 Armour: Robe              ||    47
  Dodge: Dodged            ||    45
